 Dungeon Crawl Stone Soup version 0.29.1-15-g9cfb28693d (webtiles) character file.

Game seed: 10699644527565778248

84 croobank the Ruffian (level 4, -7/44 HPs)
             Began as a Troll Fighter on Apr 22, 2023.
             Mangled by an iron imp (10 damage)
             ... summoned by Eustachio
             ... on level 4 of the Dungeon.
             The game lasted 00:04:32 (1712 turns).

croobank the Ruffian (Troll Fighter)                Turns: 1712, Time: 00:04:32

Health: -7/44      AC:  4    Str: 24      XL:     4   Next: 24%
Magic:  3/3        EV:  8    Int:  6      God:
Gold:   136        SH:  7    Dex:  8 (9)  Spells: 3/3 levels left

rFire   . . .      SeeInvis .     - Unarmed
rCold   . . .      Faith    .   b - +0 kite shield
rNeg    . . .      Spirit   .   a - +0 robe
rPois   .          Reflect  .   (helmet restricted)
rElec   .          Harm     .   (no cloak)
rCorr   .          Rampage  .   (gloves unavailable)
Will    .....                   (boots unavailable)
Stlth   +.........              (no amulet)
HPRegen 0.94/turn               (no ring)
MPRegen 0.08/turn               (no ring)

@: no status effects
A: large, unfitting armour, claws 3, regeneration 1, shaggy fur 1, tough skin 1,
mutation resistance 1
a: no special abilities


You were on level 4 of the Dungeon.
You visited 1 branch of the dungeon, and saw 4 of its levels.

You collected 136 gold pieces.

Inventory:

Missiles
 i - 6 javelins (quivered)
 p - 6 datura-tipped darts
Armour
 a - a +0 robe (worn)
 b - a +0 kite shield (worn)
Wands
 n - a wand of acid (11)
Scrolls
 h - 3 scrolls of identify {unknown}
 j - a scroll of torment {unknown}
 l - 3 scrolls of teleportation
 o - a scroll of amnesia {unknown}
 q - a scroll of magic mapping {unknown}
Potions
 c - a potion of might
 e - 2 potions of haste {unknown}
 f - 3 potions of heal wounds {unknown}
 g - 2 potions of curing {unknown}
 k - a potion of attraction {unknown}
 m - a potion of cancellation {unknown}


   Skills:
 + Level 2.9 Fighting
 - Level 2.4 Dodging
 + Level 3.2 Shields
 * Level 3.5 Unarmed Combat


You had 3 spell levels left.
You didn't know any spells.
Your spell library was empty.

Dungeon Overview and Level Annotations

Branches:
Dungeon (4/15)
 Temple: D:4-7

Altars:

Annotations:
D:4 Eustachio


Innate Abilities, Weirdness & Mutations

You are too large for most types of armour.
You have claws for hands.
Your natural rate of healing is unusually fast.
You are covered in fur. (AC +1)
You have tough skin. (AC +1)
You are somewhat resistant to further mutation.


Message History

Eustachio is moderately wounded.
You block Eustachio's attack. The shadow imp hits you. The iron imp hits you.
You closely miss Eustachio.
Eustachio is moderately wounded.
Eustachio mumbles some strange words.
The shadow imp completely misses you. The iron imp completely misses you.
You barely miss Eustachio.
Eustachio is moderately wounded.
A goblin comes into view. It is wielding a +0 dagger.
Eustachio hits you but does no damage. You block the quokka's attack.
The shadow imp gestures at you. Pain shoots through your body!
Eustachio mumbles some strange words.
Eustachio blinks!
You barely miss the quasit.
The goblin shouts!
You hear an angry hiss.
The quokka barely misses you. The iron imp hits you!
The quasit closely misses you. The quasit claws you.
You feel clumsy.
The quasit claws you but does no damage.
The shadow imp barely misses you. You block the quokka's attack.
You scratch the quasit but do no damage.
You block the quasit's attack. x2; The quasit misses you.
The iron imp hits you!
* * * LOW HITPOINT WARNING * * *
The shadow imp hits you.
* * * LOW HITPOINT WARNING * * *
The quokka barely misses you. The quokka attacks as you move away!
The quokka closely misses you.
The shadow imp attacks as you move away!
The shadow imp closely misses you. The iron imp hits you.
* * * LOW HITPOINT WARNING * * *
You block the quasit's attack. The quasit barely misses you.
You block the quasit's attack.
Okay, then.
It was a potion of mutation.
You feel extremely strange.
You feel genetically stable. The quasit barely misses you.
The quasit closely misses you.
The quasit claws you but does no damage.
The iron imp hits you!
You die...

......# ###..### ##
....... ##...## #
.......## ###..### #
........# ###..### #
........# ##...####
......rr## #.##...#.
...@..b5r# #.####...
......#55## #.# ##..
..... ##@.### ### ##.
...# #..#.### #. .@
##.....## ### .
##.......## #..
###.........# #..
#...........# ###
#............# ####..
#.........)...####.....
..............##....###


You could see an iron imp (summoned), a quasit (summoned), a river rat
(summoned), a shadow imp (summoned), 2 quokkas and a bat (summoned).

Vanquished Creatures
  A hound (D:4)
  An adder (D:3)
  A worm (D:2)
  A dart slug (D:2)
  5 ball pythons
  3 endoplasms
  A giant cockroach (D:1)
  3 goblins
  3 hobgoblins
  3 quokkas
  5 bats
  2 frilled lizards (D:2)
  9 kobolds
  3 rats
41 creatures vanquished.

Notes
Turn   | Place    | Note
-------+----------+-------------------------------------------
     0 | D:1      | croobank the Troll Fighter began the quest for the Orb.
     0 | D:1      | Reached XP level 1. HP: 22/22 MP: 0/0
   203 | D:1      | Reached XP level 2. HP: 29/29 MP: 1/1
   574 | D:2      | Found a faded altar of an unknown god.
  1007 | D:2      | Reached XP level 3. HP: 33/36 MP: 2/2
  1618 | D:4      | Reached XP level 4. HP: 43/44 MP: 3/3
  1695 | D:4      | Noticed Eustachio
  1711 | D:4      | HP: 2/44 [iron imp[Eustachio] (4)]
  1712 | D:4      | Gained mutation: You are somewhat resistant to further
                  | mutation. [potion of mutation]
  1712 | D:4      | Mangled by an iron imp

Illustrated notes

Levels and vault maps discovered:
D:1:      erik_arrival_blinker_ship, layout_basic, serial_bayou_lagoon_a,
          eino_curves_02
D:2:      cheibrodos_helix_gallery, layout_loops_cross,
          chequers_ecumenical_altar_twisty, minmay_indecisive_spiral
D:3:      layout_basic
D:4:      layout_cave_pods, minmay_temple_entry_nine_rooms, uniq_eustachio

Skill      XL: |  1  2  3 |
---------------+----------+-----
Shields        | 3 |  3.2
Unarmed Combat | 3 |  3.5
Fighting       | |  2.9
Dodging        | |  2.4

Action                   |  1- 3 |  4- 6 || total
-------------------------+-------+-------++-------
Melee: Unarmed           |   109 |    11 ||   120
  Use: Scroll            |     2 |       ||     2
       Potion            |       |     1 ||     1
Armor: Robe              |    29 |     3 ||    32
Dodge: Dodged            |    31 |    13 ||    44
Block: Kite shield       |    34 |    10 ||    44
